 Dungeon Crawl Stone Soup version 0.20.1-1-g8b1a95d (console) character file.

2233 Kloppie the Spear-Bearer (level 9, -9/82 HPs)
             Began as a Minotaur Gladiator on July 10, 2017.
             Was a Follower of the Shining One.
             Mangled by a warg (10 damage)
             ... on level 6 of the Dungeon.
             The game lasted 00:08:49 (4844 turns).

Kloppie the Spear-Bearer (Minotaur Gladiator)       Turns: 4844, Time: 00:08:50

Health: -9/82      AC: 14    Str: 21    XL:     9   Next: 14%
Magic:  8/8        EV: 13    Int:  5    God:    the Shining One [*.....]
Gold:   383        SH:  0    Dex: 18    Spells: 8/8 levels left

rFire    . . .     SeeInvis .   a - +1 trident
rCold    . . .     Gourm    .   (no shield)
rNeg     . . .     Faith    .   p - +0 plate armour
rPois    .         Spirit   .   c - +1 hat
rElec    .         Reflect  .   (no cloak)
rCorr    .         Harm     .   (no gloves)
MR       .....                  (no boots)
Stlth    ..........             (no amulet)
Regen    0.3/turn               j - ring of flight
MPRegen  0.2/turn               i - ring of stealth

@: agile, about to teleport, glowing
A: retaliatory headbutt, horns 2
a: Renounce Religion, Evoke Flight


You were on level 6 of the Dungeon.
You worshipped the Shining One.
The Shining One was aware of your devotion.
You were not hungry.

You visited 1 branch of the dungeon, and saw 7 of its levels.

You collected 383 gold pieces.

Inventory:

Hand Weapons
 a - a +1 trident (weapon)
 q - a +0 halberd
Missiles
 d - 4 throwing nets (quivered)
Armour
 c - a +1 hat (worn)
 p - a +0 plate armour (worn)
Jewellery
 i - a ring of stealth (right hand)
 j - a ring of flight (left hand)
Scrolls
 b - 2 scrolls of identify
 e - 2 scrolls of recharging
 n - a scroll of teleportation
 o - a scroll of fog
 s - 2 scrolls of remove curse
Potions
 g - 2 potions of resistance
 k - a potion of invisibility
 l - a potion of magic
 m - a potion of ambrosia
 t - a potion of brilliance
 v - 2 potions of flight
 w - a potion of agility
Books
 y - a book of Conjurations

   Spells                             Type                      Level
   a - Magic Dart                     Conjuration                  1
   b - Searing Ray                    Conjuration                  2
   c - Dazzling Spray                 Conjuration/Hexes            3
   d - Fulminant Prism                Conjuration/Hexes            4
   e - Force Lance                    Conjuration/Translocation    4
   f - Iskenderun's Mystic Blast      Conjuration                  4
 z - a book of Minor Magic

   Spells                             Type                      Level
   a - Magic Dart                     Conjuration                  1
   b - Blink                          Translocation                2
   c - Call Imp                       Summoning                    2
   d - Slow                           Hexes                        2
   e - Conjure Flame                  Conjuration/Fire             3
   f - Mephitic Cloud                 Conjuration/Poison/Air       3
Comestibles
 f - 3 bread rations
 h - 8 fruits
 r - 2 royal jellies
 x - 2 chunks of flesh


   Skills:
 + Level 8.7 Fighting
 + Level 9.3 Polearms
 - Level 2.0 Throwing
 + Level 8.2 Armour
 - Level 3.2 Dodging


You had 8 spell levels left.
You didn't know any spells.

Dungeon Overview and Level Annotations

Branches:
Dungeon (7/15)             Temple (0/1) D:6

Altars:
Elyvilon
Gozag
Kikubaaqudgha
Makhleb
Nemelex Xobeh
Qazlal
Sif Muna
Uskayaw
Xom
The Shining One

Annotations:
D:6 exclusion: oklob plant


Innate Abilities, Weirdness & Mutations

You reflexively headbutt those who attack you in melee.
You have a pair of horns on your head.


Message History

You feel better. The warg bites you!
* * * LOW HITPOINT WARNING * * *
You feel agile all of a sudden. The warg closely misses you.
You furiously retaliate!
You headbutt the warg. The warg bites you but does no damage.
Okay, then.
You hit the warg. Your headbutt misses the warg.
The warg is moderately wounded.
The warg bites you but does no damage.
You hit the warg. Your headbutt misses the warg.
The warg is heavily wounded.
The warg bites you.
* * * LOW HITPOINT WARNING * * *
You puncture the warg! Your headbutt misses the warg.
The warg is almost dead.
The warg bites you!
* * * LOW HITPOINT WARNING * * *
As you read the scroll of teleportation, it crumbles to dust.
You feel strangely unstable. The warg bites you!
You die...

.# #......)..#.##..#........#
## #######.###.##..........##
########..........#.#.##...##
#...........).........###.##
###.######.##.##..#.#.### ###
##......# #....##.....#.##
#....##.# #.#####.##.###.#
.)...##.###.#####.###.#.##
.....##.......hh@.# ##.##
.....##.......h#######.###
#...###........# #......#
#............>.# #.##.#.#
#...####.......# ##.##.#.#
#..(# #.......# #....<#.#
##.## #.......# #..####.#
#.### ######### #..####.#
#.#.## #.......#


You could see 3 wargs.

Vanquished Creatures
  The ghost of Salmoras the Sneak, a novice VSWn of Okawaru (D:5)
  Eustachio (D:5)
  A warg (D:7)
  2 phantoms
  3 ogres
  2 centaurs
  Blork the orc (D:4)
  A scorpion (D:5)
  2 howler monkeys
  A crimson imp (D:5)
  2 jellies (D:6)
  3 orc priests
  2 centaur skeletons
  2 hounds
  3 orc wizards
  A gnoll shaman (D:5)
  An iguana (D:4)
  5 worker ants
  The ghost of Dadi the Skirmisher, a weakling MiFi (D:4)
  A hound zombie (D:7)
  8 gnolls
  9 adders
  A howler monkey skeleton (D:4)
  An ooze (D:6)
  2 adder skeletons
  4 worms
  2 dart slugs
  5 leopard geckos
  16 orcs
  7 bats
  3 giant cockroaches
  11 goblins
  9 hobgoblins
  11 jackals
  3 quokkas
  A ball python (D:2)
  9 frilled lizards
  A jackal skeleton (D:5)
  5 kobolds
  9 rats
153 creatures vanquished.

Vanquished Creatures (others)
  9 fungi (D:6)
9 creatures vanquished.

Grand Total: 162 creatures vanquished

Notes
Turn   | Place    | Note
-------+----------+-------------------------------------------
     0 | D:1      | Kloppie the Minotaur Gladiator began the quest for the Orb.
     0 | D:1      | Reached XP level 1. HP: 18/18 MP: 0/0
   281 | D:1      | Reached XP level 2. HP: 25/25 MP: 1/1
   325 | D:1      | Reached skill level 1 in Armour
   447 | D:1      | Reached skill level 4 in Polearms
   688 | D:2      | Reached XP level 3. HP: 27/31 MP: 2/2
   700 | D:2      | Found a deep blue altar of Sif Muna.
   701 | D:2      | Found a sparkling altar of Nemelex Xobeh.
  1103 | D:2      | Reached XP level 4. HP: 37/40 MP: 3/3
  1942 | D:3      | You fall through a shaft for 2 floors!
  1942 | D:5      | Entered Level 5 of the Dungeon
  1956 | D:5      | Reached XP level 5. HP: 37/46 MP: 4/4
  1960 | D:5      | Noticed Salmoras's ghost (novice VSWn)
  1971 | D:5      | Reached skill level 5 in Polearms
  1976 | D:5      | Killed Salmoras's ghost
  1976 | D:5      | Reached skill level 5 in Fighting
  1976 | D:5      | Reached skill level 6 in Polearms
  1976 | D:5      | Reached XP level 6. HP: 52/56 MP: 5/5
  2023 | D:4      | Found a glowing golden altar of the Shining One.
  2049 | D:4      | Found an opulent altar of Gozag.
  2078 | D:4      | Reached XP level 7. HP: 17/61 MP: 6/6
  2195 | D:4      | Noticed Dadi's ghost (weakling MiFi)
  2209 | D:4      | Killed Dadi's ghost
  2443 | D:4      | Reached skill level 5 in Armour
  2486 | D:4      | Found a hide-covered altar of Uskayaw.
  2486 | D:4      | Found a shimmering altar of Xom.
  2488 | D:4      | Found a burning altar of Makhleb.
  2685 | D:4      | Reached skill level 7 in Polearms
  2700 | D:4      | Noticed Blork the orc
  2710 | D:4      | Killed Blork the orc
  2777 | D:4      | Reached XP level 8. HP: 48/71 MP: 7/7
  2933 | D:3      | Found an ancient bone altar of Kikubaaqudgha.
  3222 | D:3      | Found a stormy altar of Qazlal.
  3461 | D:4      | Became a worshipper of the Shining One
  3712 | D:5      | Noticed Eustachio
  3745 | D:5      | Killed Eustachio
  3745 | D:5      | Reached skill level 8 in Polearms
  3748 | D:5      | Found a white marble altar of Elyvilon.
  4184 | D:6      | Found a staircase to the Ecumenical Temple.
  4455 | D:6      | Reached * piety under the Shining One
  4621 | D:6      | Reached skill level 9 in Polearms
  4670 | D:6      | Noticed an oklob plant
  4678 | D:6      | Reached XP level 9. HP: 60/82 MP: 8/8
  4824 | D:6      | HP: 4/82 [warg (9)]
  4824 | D:6      | The Shining One protects you from harm!
  4843 | D:6      | HP: 1/82 [warg (8)]
  4844 | D:6      | Mangled by a warg

Skill      XL: |  1  2  3  4  5  6  7  8  9 |
---------------+----------------------------+-----
Armour         | 1 2 3 4 6 7 8 |  8.2
Polearms       | 4 6 7 9 |  9.3
Fighting       | 3 4 5 6 8 |  8.7
Throwing       | |  2.0
Dodging        | |  3.2

Action                   |  1- 3 |  4- 6 |  7- 9 || total
-------------------------+-------+-------+-------++-------
Melee: Trident           |   103 |    85 |   315 ||   503
       Headbutt          |    11 |    11 |    54 ||    76
  Use: Scroll            |       |    11 |     9 ||    20
       Potion            |       |     1 |     6 ||     7
 Stab: Invisible         |       |     1 |       ||     1
  Eat: Chunk             |     1 |     3 |     9 ||    13
Armor: Leather armour    |     7 |       |       ||     7
       Plate armour      |    31 |    63 |   148 ||   242
Dodge: Dodged            |    33 |    24 |   106 ||   163
